Map: Ultralove

Players

SHIN

  • Race: Zerg Zerg
  • Spawn Location: 1:00

Serral - Winner!

  • Race: Zerg Zerg
  • Spawn Location: 7:00

VOD

Have the link to the VOD?

Description

Time

  • Played on: March 16, 2025, 4:25 a.m.
  • Length: 9:32
Show
View Real Time Build Order
Export as new Build Order

SHIN Zerg 

Build Orders:  

Get SALT Encoding   

  12  0:00  Drone  
  13  0:08  Drone  
  14  0:14  Extractor  
  14  0:15  Drone  
  15  0:22  Overlord  
  15  0:40  Drone  
  16  0:47  Hatchery  
  16  0:48  Drone  
  16  0:52  Drone  
  16  0:55  Drone  
  18  1:09  Spawning Pool  
  17  1:12  Drone  
  17  1:14  Extractor  
  17  1:17  Drone  
  18  1:27  Drone  
  19  1:37  Drone  
  20  1:48  Drone  
  21  1:58  Queen x2  
  21  1:59  Zergling x2  
  21  2:00  Drone  
  27  2:09  Overlord  
  27  2:10  Drone  
  28  2:27  Drone x2  
  30  2:31  Drone x2  
  30  2:33  Queen  
  34  2:37  Metabolic Boost  
  34  2:41  Overlord  
  34  2:43  Drone  
  35  2:46  Evolution Chamber  
  34  2:54  Drone x2  
  36  3:08  Drone x2  
  36  3:09  Roach Warren  
  37  3:13  Drone x2  
  37  3:15  Overlord  
  39  3:22  Zerg Ground Armor Level 1  
  39  3:24  Zergling x10  
  44  3:34  Overlord  
  44  3:37  Zergling x2  
  45  3:42  Zergling x6  
  45  3:44  Zergling x2  
  45  3:45  Zergling x4  
  45  3:47  Zergling x2  
  52  3:49  Overlord  
  52  3:59  Drone x2  
  54  4:07  Drone  
  54  4:08  Lair  
  54  4:09  Drone  
  56  4:10  Hatchery  
  56  4:15  Drone x4  
  59  4:19  Extractor, Drone  
  59  4:21  Extractor, Drone  
  59  4:24  Overlord  
  59  4:30  Drone x2  
  59  4:33  Roach  
  61  4:42  Roach  
  67  4:45  Roach x2  
  67  4:46  Roach  
  67  4:48  Overlord  
  69  4:54  Overlord  
  69  4:56  Roach x3  
  75  5:02  Overlord  
  75  5:05  Glial Reconstitution  
  75  5:10  Overlord  
  75  5:11  Roach  
  77  5:15  Overlord  
  77  5:19  Roach x3  
  83  5:21  Overlord  
  83  5:26  Roach  
  85  5:28  Drone x2  
  85  5:30  Roach  
  89  5:41  Roach x4  
  97  5:44  Overseer  
  97  5:47  Overlord  
  97  5:48  Roach  
  99  5:50  Zergling x4  
  99  5:52  Zergling x2  
  99  5:53  Zergling x2  
  102  6:01  Roach x3  
  108  6:05  Roach  
  108  6:06  Roach  
  108  6:08  Roach  
  114  6:14  Zergling x6  
  117  6:19  Zergling x6  
  117  6:22  Zergling x2  
  121  6:26  Zergling x8  
  121  6:31  Zergling x8  
  122  6:37  Roach x2  
  111  6:42  Zergling x2  
  111  6:44  Roach x3  
  103  6:49  Roach x2  
  103  6:52  Roach  
  96  6:54  Zerg Missile Weapons Level 1  
  96  6:57  Roach  
  91  7:01  Roach x2  
  91  7:06  Roach x2  
  97  7:09  Roach x2  
  97  7:12  Ravager  
  97  7:15  Drone x3  
  105  7:17  Drone  
  105  7:20  Roach  
  108  7:25  Drone x4  
  108  7:27  Ravager  
  108  7:28  Roach  
  115  7:33  Extractor  
  115  7:35  Roach x2  
  118  7:43  Roach x3  
  124  7:46  Overlord  
  124  7:47  Drone x2  
  124  7:48  Drone  
  124  7:50  Overlord  
  126  7:51  Roach  
  126  7:58  Overlord x2  
  128  8:00  Overlord  
  128  8:05  Overlord  
  128  8:06  Roach  
  128  8:09  Overseer  
  128  8:11  Roach x2  
  134  8:15  Roach x2  
  134  8:19  Ravager x2  
  140  8:22  Roach  
  140  8:26  Roach x2  
  146  8:30  Roach  
  146  8:31  Roach  
  152  8:34  Roach  
  152  8:37  Roach  
  152  8:38  Roach  
  152  8:39  Overlord  
  152  8:40  Zergling x2, Roach  
  152  8:41  Zergling x2  
  160  8:46  Zergling x8  
  164  8:51  Roach x2  
  168  8:56  Zergling x2  
  168  8:57  Overlord  
  168  8:59  Roach x2  
  175  9:02  Roach  
  155  9:10  Roach x4  
Show
View Real Time Build Order
Export as new Build Order

Serral Zerg - Winner!

Build Orders:  

Get SALT Encoding   

  12  0:00  Drone  
  13  0:08  Drone  
  14  0:14  Extractor, Drone  
  15  0:21  Overlord  
  15  0:39  Drone  
  16  0:45  Hatchery  
  16  0:48  Drone  
  16  0:52  Drone  
  16  0:55  Drone  
  18  1:02  Extractor  
  17  1:11  Spawning Pool  
  16  1:14  Drone  
  16  1:18  Drone  
  18  1:27  Drone  
  19  1:37  Drone  
  20  1:48  Drone  
  21  1:57  Queen x2  
  21  1:58  Zergling x2  
  26  2:02  Metabolic Boost  
  26  2:06  Overlord  
  26  2:09  Drone  
  26  2:14  Drone  
  28  2:24  Zergling x2  
  28  2:25  Drone  
  30  2:32  Hatchery  
  29  2:37  Drone  
  29  2:39  Drone  
  29  2:40  Drone  
  32  2:44  Overlord  
  32  2:55  Zergling x2, Drone  
  34  3:02  Queen  
  34  3:05  Drone x2  
  38  3:09  Zergling x6  
  41  3:13  Overlord  
  41  3:15  Drone  
  41  3:16  Drone  
  41  3:18  Drone  
  43  3:24  Roach Warren  
  43  3:26  Drone  
  43  3:33  Drone x2  
  45  3:37  Drone x4  
  49  3:42  Overlord  
  49  3:43  Drone  
  49  3:45  Drone  
  49  3:47  Drone  
  52  3:48  Drone  
  52  3:53  Extractor  
  52  3:54  Drone x2  
  54  4:00  Lair  
  54  4:05  Evolution Chamber  
  54  4:06  Zergling x6, Extractor  
  55  4:11  Roach x2  
  55  4:13  Roach  
  61  4:17  Roach  
  61  4:18  Roach  
  61  4:23  Overlord  
  65  4:28  Zergling x2  
  66  4:32  Overlord  
  66  4:34  Zerg Missile Weapons Level 1  
  66  4:35  Overlord  
  66  4:40  Overlord  
  66  4:42  Overlord  
  66  4:48  Roach x2  
  66  4:50  Drone x3  
  73  4:53  Drone  
  73  4:54  Drone  
  73  4:59  Roach  
  76  5:00  Drone x3  
  76  5:04  Overseer  
  79  5:12  Roach x2  
  87  5:27  Overlord  
  86  5:31  Roach x2  
  86  5:32  Roach x3  
  94  5:35  Roach  
  94  5:36  Roach x5  
  94  5:39  Overlord  
  94  5:41  Overlord x2  
  104  5:43  Overlord  
  104  5:48  Glial Reconstitution  
  104  5:53  Overlord  
  104  5:59  Roach x2  
  104  6:00  Roach  
  110  6:04  Overseer  
  110  6:06  Drone x2  
  112  6:12  Drone x2  
  112  6:15  Overlord  
  112  6:16  Roach x2  
  112  6:17  Roach x3  
  124  6:18  Roach  
  124  6:19  Roach  
  124  6:22  Overlord, Extractor  
  124  6:25  Roach x2  
  131  6:28  Overlord  
  131  6:31  Roach x2  
  133  6:34  Zergling x2, Roach  
  133  6:36  Zergling x2  
  133  6:37  Roach  
  118  6:41  Roach  
  118  6:45  Roach  
  118  6:46  Roach  
  112  6:51  Roach  
  112  6:52  Roach  
  112  6:53  Zergling x4  
  108  6:57  Queen  
  108  6:59  Roach  
  111  7:02  Roach  
  111  7:05  Drone x3  
  116  7:11  Zerg Missile Weapons Level 2  
  116  7:20  Spine Crawler  
  116  7:21  Roach x4  
  123  7:24  Overlord  
  123  7:27  Overlord  
  123  7:31  Roach x2  
  123  7:36  Overlord  
  125  7:40  Drone  
  125  7:41  Drone  
  125  7:45  Drone  
  125  7:46  Drone  
  127  7:52  Extractor  
  127  7:53  Roach x3  
  127  7:56  Overlord  
  127  7:58  Roach x7  
  146  8:02  Ravager  
  146  8:04  Ravager  
  148  8:07  Overlord  
  148  8:08  Roach x2  
  152  8:14  Overlord  
  152  8:15  Overseer  
  152  8:20  Drone  
  152  8:21  Roach  
  152  8:25  Roach x4  
  163  8:27  Overlord  
  163  8:30  Roach x4  
  171  8:38  Roach x3  
  177  8:42  Ravager  
  177  8:45  Roach x2  
  184  8:48  Roach  
  184  8:53  Roach x4  
  192  8:59  Roach x2  
  192  9:01  Hatchery  
  195  9:03  Roach x2  
  184  9:11  Roach x6  
Tags
 

No tags found.

Add a new tag
Caveats
  • Supply blocks, unpowered buildings, or Contaminate may cause inaccurate times.
  • Supply counts are checked every 10 seconds.